2040 views
Uploaded 2023-10-25 18:43:55
Game version 1.36 (6115)
21:13 long 2on2 ladder game on (4)TwistedMeadows_S2_v1.1
Saved by GIGA
2040 views
Uploaded 2023-10-25 18:43:55
Game version 1.36 (6115)
21:13 long 2on2 ladder game on (4)TwistedMeadows_S2_v1.1


63 units @ 6.3k
/ 0.7k
71 buildings @ 6.5k
/ 3.2k
GIGA
(207)
(21:28) : 
| Healing Salve | 3 | 300 |
| Lesser Clarity Potion | 3 | 210 |
| Orb of Lightning | 1 | 375 |
| Boots of Speed | 1 | 250 |
| Circlet of Nobility | 1 | 175 |
| Staff of Teleportation | 1 | 150 |
| total: | 10 | 1460g |
| Peon | 13 | 975 | / | 0 |
| Grunt | 3 | 600 | / | 0 |
| Forest Troll Shadow Priest | 1 | 195 | / | 10 |
| total: | 17 | 1770g | / | 10w |
| Watch Tower | 15 | 1650 | / | 1200 |
| Altar of Storms | 1 | 180 | / | 50 |
| Orc Burrow | 2 | 320 | / | 80 |
| Barracks | 1 | 180 | / | 50 |
| Voodoo Lounge | 1 | 130 | / | 30 |
| War Mill | 2 | 410 | / | 0 |
| Spirit Lodge | 1 | 150 | / | 150 |
| Stronghold | 1 | 315 | / | 190 |
| Fortress | 1 | 325 | / | 190 |
| total: | 23 | 3020g | / | 1560w |
| 0:04 | Peon |
| 0:04 | Peon |
| 0:09 | Altar of Storms |
| 0:12 | Orc Burrow |
| 0:23 | Peon |
| 0:37 | Barracks |
| 0:45 | Peon |
| 0:58 | Peon |
| 1:13 | Peon |
| 1:31 | Orc Burrow |
| 1:39 | Grunt |
| 1:51 | Voodoo Lounge |
| 1:57 | Peon |
| 2:10 | Wind Walk |
| 2:26 | Grunt |
| 2:29 | Peon |
| 2:49 | Peon |
| 2:49 | Peon |
| 2:49 | Peon |
| 2:59 | War Mill |
| 3:10 | Healing Salve |
| 3:35 | Grunt |
| 3:53 | Critical Strike |
| 4:05 | Stronghold |
| 4:21 | Forest Troll Shadow Priest |
| 5:08 | Watch Tower |
| 5:09 | Watch Tower |
| 5:10 | Watch Tower |
| 6:32 | Wind Walk |
| 7:07 | Fortress |
| 7:16 | Healing Salve |
| 7:25 | Reinforced Defenses |
| 7:31 | Watch Tower |
| 7:32 | Watch Tower |
| 7:46 | Boots of Speed |
| 7:53 | Circlet of Nobility |
| 9:47 | Spirit Lodge |
| 10:26 | Lesser Clarity Potion |
| 10:33 | Orb of Lightning |
| 10:39 | Peon |
| 10:39 | Peon |
| 10:43 | Watch Tower |
| 11:06 | Watch Tower |
| 11:14 | Watch Tower |
| 12:33 | Watch Tower |
| 12:34 | Watch Tower |
| 12:38 | Watch Tower |
| 12:42 | Lesser Clarity Potion |
| 12:47 | Watch Tower |
| 12:48 | Watch Tower |
| 12:50 | Witch Doctor Adept Training |
| 13:16 | Staff of Teleportation |
| 13:31 | Healing Salve |
| 13:41 | Lesser Clarity Potion |
| 15:12 | Critical Strike |
| 15:20 | Watch Tower |
| 15:25 | Watch Tower |
| 15:31 | War Mill |
| 17:02 | Witch Doctor Master Training |
| Right click | 1521 |
| Select | 376 |
| Select group | 286 |
| Build/train/purchase | 70 |
| Resource trade | 31 |
| Chat | 25 |
| Use ability | 20 |
| Assign group | 17 |
| Minimap ping | 6 |
| Item give/drop | 5 |
| Esc | 4 |
| Misc. action | 2 |


| Potion of Mana | 2 | 400 |
| Dust of Appearance | 1 | 75 |
| Healing Salve | 1 | 100 |
| total: | 4 | 575g |
| Peasant | 24 | 1800 | / | 0 |
| Footman | 4 | 540 | / | 0 |
| Mortar Team | 2 | 360 | / | 140 |
| Flying Machine | 15 | 1500 | / | 450 |
| Goblin Shredder | 1 | 375 | / | 100 |
| total: | 46 | 4575g | / | 690w |
| Scout Tower | 24 | 720 | / | 480 |
| Arcane Tower | 1 | 70 | / | 50 |
| Guard Tower | 12 | 840 | / | 600 |
| Altar of Kings | 1 | 180 | / | 50 |
| Farm | 15 | 1200 | / | 300 |
| Barracks | 1 | 160 | / | 60 |
| Arcane Vault | 1 | 130 | / | 30 |
| Lumber Mill | 1 | 120 | / | 0 |
| Town Hall | 1 | 385 | / | 205 |
| Blacksmith | 1 | 140 | / | 60 |
| Workshop | 3 | 420 | / | 420 |
| Keep | 1 | 320 | / | 210 |
| Castle | 1 | 360 | / | 210 |
| total: | 48 | 3455g | / | 1605w |
| 0:02 | Peasant |
| 0:05 | Altar of Kings |
| 0:09 | Peasant |
| 0:18 | Farm |
| 0:20 | Barracks |
| 0:21 | Peasant |
| 0:33 | Peasant |
| 0:55 | Peasant |
| 0:56 | Farm |
| 1:13 | Peasant |
| 1:21 | Footman |
| 1:25 | Peasant |
| 1:34 | Scout Tower |
| 1:38 | Scout Tower |
| 1:39 | Peasant |
| 1:47 | Footman |
| 1:52 | Peasant |
| 2:00 | Farm |
| 2:06 | Arcane Tower |
| 2:18 | Peasant |
| 2:30 | Storm Bolt |
| 2:56 | Peasant |
| 2:58 | Arcane Vault |
| 3:00 | Scout Tower |
| 3:03 | Lumber Mill |
| 3:06 | Footman |
| 3:43 | Scout Tower |
| 4:01 | Bash |
| 4:10 | Guard Tower |
| 4:33 | Peasant |
| 4:44 | Footman |
| 4:57 | Farm |
| 5:03 | Scout Tower |
| 5:39 | Town Hall |
| 5:43 | Scout Tower |
| 5:48 | Scout Tower |
| 5:49 | Scout Tower |
| 5:52 | Scout Tower |
| 6:03 | Guard Tower |
| 6:04 | Scout Tower |
| 6:05 | Scout Tower |
| 6:05 | Scout Tower |
| 6:07 | Peasant |
| 6:07 | Peasant |
| 6:08 | Improved Lumber Harvesting |
| 6:08 | Improved Masonry |
| 6:27 | Dust of Appearance |
| 7:04 | Guard Tower |
| 7:06 | Scout Tower |
| 7:07 | Scout Tower |
| 7:09 | Scout Tower |
| 7:10 | Scout Tower |
| 7:11 | Peasant |
| 7:11 | Peasant |
| 7:15 | Healing Salve |
| 7:18 | Storm Bolt |
| 7:25 | Guard Tower |
| 7:27 | Peasant |
| 7:29 | Guard Tower |
| 7:41 | Keep |
| 8:10 | Peasant |
| 9:04 | Potion of Mana |
| 9:35 | Potion of Mana |
| 9:42 | Guard Tower |
| 9:45 | Scout Tower |
| 9:45 | Scout Tower |
| 9:46 | Scout Tower |
| 9:46 | Scout Tower |
| 10:37 | Guard Tower |
| 10:38 | Castle |
| 10:51 | Blacksmith |
| 10:57 | Peasant |
| 10:59 | Advanced Lumber Harvesting |
| 10:59 | Advanced Masonry |
| 11:03 | Guard Tower |
| 11:06 | Scout Tower |
| 11:06 | Scout Tower |
| 11:40 | Workshop |
| 11:42 | Workshop |
| 11:46 | Peasant |
| 11:56 | Guard Tower |
| 12:20 | Workshop |
| 12:21 | Guard Tower |
| 12:23 | Black Gunpowder |
| 13:38 | Peasant |
| 13:38 | Peasant |
| 13:53 | Flying Machine Bombs |
| 14:20 | Holy Light |
| 14:24 | Scout Tower |
| 14:26 | Scout Tower |
| 14:27 | Peasant |
| 14:27 | Peasant |
| 14:51 | Goblin Shredder |
| 14:55 | Guard Tower |
| 14:57 | Guard Tower |
| 14:58 | Flare |
| 15:15 | Bash |
| 15:16 | Divine Shield |
| 15:23 | Refined Gunpowder |
| 15:27 | Imbued Masonry |
| 15:45 | Mortar Team |
| 15:54 | Fragmentation Shards |
| 16:05 | Flak Cannons |
| 16:45 | Imbued Gunpowder |
| 16:51 | Farm |
| 16:54 | Farm |
| 16:56 | Farm |
| 17:02 | Farm |
| 17:04 | Farm |
| 17:05 | Farm |
| 17:16 | Flying Machine |
| 17:32 | Flying Machine |
| 17:47 | Flying Machine |
| 17:49 | Flying Machine |
| 18:07 | Farm |
| 18:07 | Farm |
| 18:11 | Farm |
| 18:12 | Farm |
| 18:14 | Farm |
| 18:22 | Flying Machine |
| 18:22 | Flying Machine |
| 18:22 | Flying Machine |
| 18:22 | Flying Machine |
| 18:22 | Flying Machine |
| 18:36 | Iron Plating |
| 19:13 | Flying Machine |
| 19:13 | Flying Machine |
| 19:13 | Flying Machine |
| 20:09 | Flying Machine |
| 20:10 | Flying Machine |
| 20:10 | Flying Machine |
| 21:16 | Mortar Team |
| Right click | 1073 |
| Select | 359 |
| Select group | 190 |
| Build/train/purchase | 98 |
| Misc. action | 70 |
| Use ability | 34 |
| Assign group | 12 |
| Resource trade | 6 |
| Item give/drop | 3 |
| Minimap ping | 3 |
| Esc | 1 |
82 units @ 11.4k
/ 1.5k
42 buildings @ 7.1k
/ 3.1k



| Lesser Clarity Potion | 7 | 490 |
| Potion of Healing | 3 | 450 |
| Staff of Preservation | 1 | 150 |
| Moonstone | 5 | 250 |
| Orb of Venom | 3 | 975 |
| Dust of Appearance | 2 | 150 |
| Scroll of Town Portal | 1 | 350 |
| Potion of Lesser Invulnerability | 1 | 150 |
| total: | 23 | 2965g |
| Wisp | 27 | 1620 | / | 0 |
| Archer | 5 | 650 | / | 50 |
| Chimaera | 7 | 2310 | / | 490 |
| total: | 39 | 4580g | / | 540w |
| Altar of Elders | 1 | 180 | / | 50 |
| Ancient of War | 1 | 150 | / | 60 |
| Moon Well | 8 | 1440 | / | 320 |
| Ancient of Wonders | 4 | 360 | / | 120 |
| Tree of Life | 3 | 1020 | / | 555 |
| Hunter's Hall | 1 | 210 | / | 100 |
| Chimaera Roost | 2 | 280 | / | 380 |
| Tree of Ages | 1 | 320 | / | 180 |
| Tree of Eternity | 1 | 330 | / | 200 |
| total: | 20 | 3640g | / | 1585w |
| 0:02 | Wisp |
| 0:09 | Altar of Elders |
| 0:18 | Ancient of War |
| 0:20 | Moon Well |
| 0:26 | Wisp |
| 0:37 | Wisp |
| 0:52 | Wisp |
| 1:10 | Wisp |
| 1:20 | Archer |
| 1:24 | Wisp |
| 1:39 | Wisp |
| 1:40 | Archer |
| 1:52 | Moon Well |
| 2:02 | Ancient of Wonders |
| 2:09 | Force of Nature |
| 2:34 | Wisp |
| 2:34 | Wisp |
| 3:05 | Entangling Roots |
| 3:14 | Wisp |
| 3:14 | Wisp |
| 3:15 | Archer |
| 3:29 | Lesser Clarity Potion |
| 3:39 | Archer |
| 3:46 | Tree of Ages |
| 4:17 | Tree of Life |
| 4:28 | Tree of Life |
| 4:41 | Archer |
| 4:46 | Moon Well |
| 4:48 | Entangling Roots |
| 4:53 | Lesser Clarity Potion |
| 4:53 | Dust of Appearance |
| 6:09 | Wisp |
| 6:09 | Wisp |
| 6:11 | Hunter's Hall |
| 6:26 | Potion of Healing |
| 6:27 | Staff of Preservation |
| 6:37 | Forked Lightning |
| 6:43 | Wisp |
| 6:43 | Wisp |
| 6:43 | Wisp |
| 7:09 | Moonstone |
| 7:09 | Lesser Clarity Potion |
| 7:23 | Wisp |
| 7:26 | Scroll of Town Portal |
| 7:31 | Wisp |
| 7:35 | Wisp |
| 8:06 | Wisp |
| 8:08 | Tree of Eternity |
| 8:43 | Moonstone |
| 8:43 | Lesser Clarity Potion |
| 8:44 | Potion of Healing |
| 9:17 | Moon Well |
| 9:44 | Moon Well |
| 9:46 | Strength of the Wild |
| 10:20 | Ancient of Wonders |
| 10:23 | Ancient of Wonders |
| 10:25 | Ancient of Wonders |
| 10:28 | Wisp |
| 10:34 | Lesser Clarity Potion |
| 10:39 | Moonstone |
| 10:47 | Potion of Healing |
| 10:54 | Orb of Venom |
| 10:56 | Chimaera Roost |
| 11:00 | Chimaera Roost |
| 11:13 | Improved Strength of the Wild |
| 11:55 | Lesser Clarity Potion |
| 12:00 | Orb of Venom |
| 12:02 | Moonstone |
| 12:29 | Orb of Venom |
| 12:34 | Chimaera |
| 12:35 | Trueshot Aura |
| 12:45 | Moonstone |
| 12:46 | Lesser Clarity Potion |
| 12:56 | Moon Well |
| 12:58 | Advanced Strength of the Wild |
| 13:03 | Wisp |
| 13:27 | Dust of Appearance |
| 13:30 | Potion of Lesser Invulnerability |
| 13:35 | Chimaera |
| 13:55 | Corrosive Breath |
| 14:00 | Moon Well |
| 14:29 | Chimaera |
| 14:47 | Reinforced Hides |
| 14:51 | Chimaera |
| 15:00 | Tree of Life |
| 15:09 | Moon Well |
| 15:50 | Improved Reinforced Hides |
| 16:11 | Chimaera |
| 16:24 | Mana Shield |
| 16:45 | Scout |
| 16:54 | Chimaera |
| 17:05 | Nature's Blessing |
| 17:25 | Chimaera |
| 18:35 | Advanced Reinforced Hides |
| 19:16 | Trueshot Aura |
| 19:30 | Force of Nature |
| 19:31 | Forked Lightning |
| 19:39 | Wisp |
| 19:40 | Wisp |
| 19:40 | Wisp |
| 19:40 | Wisp |
| 19:40 | Wisp |
| 20:20 | Well Spring |
| Select group | 1320 |
| Right click | 1247 |
| Select | 448 |
| Build/train/purchase | 112 |
| Use ability | 89 |
| Misc. action | 67 |
| Assign group | 35 |
| Minimap ping | 4 |
| Item give/drop | 2 |
| Esc | 2 |
MassOwn
(2)
(21:38) : 

| Healing Salve | 6 | 600 |
| Scroll of Speed | 2 | 100 |
| Lesser Clarity Potion | 2 | 140 |
| Potion of Mana | 2 | 400 |
| Tiny Great Hall | 1 | 600 |
| Scroll of Town Portal | 1 | 350 |
| Circlet of Nobility | 1 | 175 |
| Potion of Invisibility | 1 | 100 |
| Staff of Teleportation | 1 | 150 |
| total: | 17 | 2615g |
| Peon | 15 | 1125 | / | 0 |
| Grunt | 5 | 1000 | / | 0 |
| Spirit Walker | 4 | 780 | / | 140 |
| Raider | 2 | 360 | / | 80 |
| Kodo Beast | 1 | 255 | / | 60 |
| Troll Batrider | 9 | 1440 | / | 360 |
| Wind Rider | 3 | 795 | / | 120 |
| Demolisher | 1 | 220 | / | 50 |
| Goblin Zeppelin | 1 | 240 | / | 60 |
| Goblin Shredder | 1 | 375 | / | 100 |
| Forest Troll Shadow Priest | 1 | 195 | / | 10 |
| total: | 43 | 6785g | / | 980w |
| Watch Tower | 6 | 660 | / | 480 |
| Orc Burrow | 6 | 960 | / | 240 |
| Barracks | 2 | 360 | / | 100 |
| Altar of Storms | 1 | 180 | / | 50 |
| Voodoo Lounge | 2 | 260 | / | 60 |
| War Mill | 1 | 205 | / | 0 |
| Great Hall | 1 | 385 | / | 185 |
| Beastiary | 2 | 290 | / | 280 |
| Tauren Totem | 1 | 135 | / | 155 |
| Stronghold | 1 | 315 | / | 190 |
| Fortress | 1 | 325 | / | 190 |
| total: | 22 | 3435g | / | 1550w |
| 0:01 | Peon |
| 0:02 | Peon |
| 0:02 | Peon |
| 0:02 | Peon |
| 0:02 | Peon |
| 0:33 | Orc Burrow |
| 0:43 | Peon |
| 0:49 | Barracks |
| 0:56 | Peon |
| 1:03 | Altar of Storms |
| 1:06 | Orc Burrow |
| 1:16 | Peon |
| 1:29 | Peon |
| 1:47 | Peon |
| 1:52 | Grunt |
| 2:16 | Grunt |
| 2:24 | Voodoo Lounge |
| 2:39 | Rain of Fire |
| 3:08 | Stronghold |
| 3:21 | Voodoo Lounge |
| 3:46 | Grunt |
| 4:00 | Orc Burrow |
| 4:30 | Cleaving Attack |
| 4:42 | Healing Salve |
| 4:47 | Healing Salve |
| 4:48 | Scroll of Speed |
| 5:32 | Circlet of Nobility |
| 5:34 | Grunt |
| 5:42 | Beastiary |
| 5:43 | Tauren Totem |
| 5:59 | Cleaving Attack |
| 6:07 | Berserker Strength |
| 6:12 | War Mill |
| 6:37 | Great Hall |
| 7:05 | Spirit Walker |
| 7:06 | Raider |
| 7:14 | Pillage |
| 7:33 | Rain of Fire |
| 7:41 | Ensnare |
| 7:43 | Spirit Walker Adept Training |
| 7:57 | Healing Salve |
| 8:11 | Healing Spray |
| 8:15 | Orc Burrow |
| 9:32 | Raider |
| 9:33 | Spirit Walker |
| 9:33 | Grunt |
| 9:44 | Healing Salve |
| 10:27 | Peon |
| 10:27 | Peon |
| 10:27 | Peon |
| 10:28 | Orc Burrow |
| 10:31 | Forest Troll Shadow Priest |
| 10:54 | Kodo Beast |
| 11:43 | Lesser Clarity Potion |
| 11:45 | Healing Salve |
| 11:48 | Lesser Clarity Potion |
| 11:54 | Potion of Mana |
| 11:54 | Potion of Mana |
| 12:04 | Potion of Invisibility |
| 12:05 | Staff of Teleportation |
| 12:29 | Fortress |
| 12:30 | Reinforced Defenses |
| 13:22 | Acid Bomb |
| 13:38 | Beastiary |
| 14:11 | Troll Batrider |
| 14:16 | Scroll of Town Portal |
| 14:17 | Healing Salve |
| 14:17 | Scroll of Speed |
| 14:25 | Steel Armor |
| 14:27 | Peon |
| 14:27 | Peon |
| 14:29 | Watch Tower |
| 14:30 | Watch Tower |
| 14:33 | Goblin Zeppelin |
| 14:40 | Wind Rider |
| 14:45 | Spirit Walker |
| 15:09 | Tiny Great Hall |
| 15:17 | Envenomed Spears |
| 15:33 | Goblin Shredder |
| 16:00 | Troll Batrider |
| 16:11 | Watch Tower |
| 16:44 | Wind Rider |
| 16:44 | Wind Rider |
| 16:46 | Spirit Walker |
| 16:46 | Spirit Walker Master Training |
| 16:47 | Steel Ranged Weapons |
| 17:18 | Orc Burrow |
| 17:20 | Watch Tower |
| 17:21 | Watch Tower |
| 17:21 | Watch Tower |
| 17:49 | Healing Spray |
| 18:00 | Troll Batrider |
| 18:20 | Troll Batrider |
| 18:36 | Barracks |
| 19:00 | Troll Batrider |
| 19:27 | Troll Batrider |
| 19:29 | Rain of Fire |
| 19:55 | Troll Batrider |
| 19:57 | Demolisher |
| 20:13 | Troll Batrider |
| 21:00 | Troll Batrider |
| Right click | 836 |
| Select | 547 |
| Select group | 475 |
| Use ability | 158 |
| Build/train/purchase | 115 |
| Assign group | 99 |
| Misc. action | 72 |
| Chat | 60 |
| Item give/drop | 6 |
| Resource trade | 5 |
| Minimap ping | 4 |
| Esc | 2 |